Description

simple Version of https://lotv.spawningtool.com/build/119736/

Build Order

Get SALT Encoding   

  16  0:00  Hatchery  16 Hatch Gas Pool
  21  2:03  Zergling x2, Queen x2  
  27  2:11  Metabolic Boost  First 100 Gas Drones stay
  28  2:36  Baneling Nest  Second 50 Gas
  33  2:45  Queen x2  
  44  3:20  Lair, Extractor x2  Third 100 Gas
  44  3:47  Baneling x2  2-4 Defensive
  54  4:02  Evolution Chamber  
  54  4:15  Spire, Extractor  @Liar
  54  4:16  Zergling x16  @2 Base Satu Swarm Lings
  69  5:46  Mutalisk x5  @Spire 4-8
Spawning Tool Build Advisor. Get it on Overwolf

Go to:

Details

  • Created by: MadMax
  • Published on: May 17, 2020
  • Modified on: May 17, 2020
  • Patch: 4.11.0
Show
View Real Time Build Order
Export as new Build Order

Comments (0)

There are no comments. Be the first!

Create an account to comment!